badnik, lawful male dwarven Archeologist ---------------------------------------------- |...Z......................:...............:.--- -.......>......dd.............................--- -......*.<......Y....................C.##.....--- -................u..........!.......##...l...%--- -..i.....................'....?..##...........--- -........?..@.................##..............--- -...........c..............##.................--- -.......................##.Z.............Z....--- -.........Y.........@?#................f......- ---.................##........`.................- ---......../.....##%......n.................Y...- ---.....%...!.##...........'..:.....(..........F- ---........##............/......................- ---.....##d...............?.................F...- ---..de............'........[M.................%- ---..d.........j.../...........................| ---------------------------------------------- badnik the Digger Experience level: 1 Strength: 13 Dexterity: 8 Constitution: 10 Intelligence: 16 Wisdom: 16 Charisma: 12 Health: 0(15) Energy: 1(1) AC: 9 Gold: 92 Moves: 213 Your Inventory: Coins $ - 92 gold pieces Weapons a - an uncursed +2 bullwhip (alternate weapon; not wielded) Armor b - an uncursed +0 leather jacket (being worn) c - an uncursed +0 fedora (being worn) Comestibles d - 3 uncursed food rations Scrolls j - a [blessed] scroll labeled HZLRC KSTSBD MPFNG [of fire] Potions k - an [uncursed] smoky potion [of blindness] l - an [uncursed] brown potion [of sickness] Tools e - an uncursed +0 pick-axe (weapon in hand) f - an uncursed tinning kit (0:80) h - an uncursed sack i - an uncursed oil lamp (0:1220) Gems g - an uncursed touchstone Spells known in the end: Name Level Category Fail Memory Your skills at the end: Fighting Skills Weapon Skills pick-axe [Basic / Expert] sling [Basic / Skilled] whip [Basic / Expert] Spellcasting Skills Final Attributes: You were fervently aligned. Hunger level was 687. Your alignment was 9 / 11. Monster difficulty range was 1 - 5. Level difficulty was 10. You had infravision. You were stealthy. You were fast. Your luck was zero. You are dead. Vanquished creatures: a kobold zombie a newt 2 creatures vanquished. Voluntary challenges: You were a pacifist. You were an atheist. You went without food. You were illiterate. You never hit with a wielded weapon. You put on armor 2 times. You never genocided any monsters. You never polymorphed an object. You never changed form. You used no wishes. You never wrote Elbereth's name. You never encountered a bones level. You never used any Sokoban shortcuts. Dungeon overview: The Dungeons of Doom: levels 1 to 10 Level 1 a long staircase Level 2 a long staircase Level 4 a sink Level 6 a throne Level 7 an altar a long staircase Level 9 a scroll shop Level 10 <- You were here History has recorded: On T:1 you entered the Dungeons of Doom to retrieve the Amulet of Yendor! On T:20 you reached level 2 of The Dungeons of Doom. On T:52 you reached level 3 of The Dungeons of Doom. On T:65 you reached level 4 of The Dungeons of Doom. On T:84 you reached level 5 of The Dungeons of Doom. On T:107 you reached level 6 of The Dungeons of Doom. On T:112 you reached level 7 of The Dungeons of Doom. On T:118 you reached level 8 of The Dungeons of Doom. On T:201 you reached level 9 of The Dungeons of Doom. Latest messages: Kilgarvan blocks your way. (2x) You start digging downward. "Be careful, sir, or you might fall through the floor." You dig a pit in the floor. [3 turns] You start digging downward. "Be careful, sir, or you might fall through the floor." You dig a hole through the floor. You fall through... The adjacent object falls through the hole. You owe Kilgarvan 80 zorkmids for goods lost. You escaped the shop without paying! You stole 80 zorkmids worth of merchandise. An alarm sounds! The Keystone Kops are after you! Kilgarvan zaps an iron wand! The wand hits you! [HP-13=2] [3 turns] You start digging downward. You stop digging. Kilgarvan zaps a wand of striking! The wand misses you. Kilgarvan zaps a wand of striking! The wand hits you! You die... The sack is empty. Final status: Goodbye badnik the Archeologist... You died in The Dungeons of Doom on dungeon level 10 with 533 points, and 92 pieces of gold, after 213 moves. You were level 1 with a maximum of 15 hit points when you died.